 Dungeon Crawl Stone Soup version 0.21.0-3-g78d12a8 (webtiles) character file.

460 Ignatius881 the Conjurer (level 6, 0/32 HPs)
             Began as a Deep Elf Conjurer on Jan 9, 2018.
             Was an Initiate of Vehumet.
             Succumbed to a scorpion's poison
             ... on level 4 of the Dungeon.
             The game lasted 00:17:40 (4908 turns).

Ignatius881 the Conjurer (Deep Elf Conjurer)        Turns: 4908, Time: 00:17:41

Health: 0/32       AC:  5    Str:  5    XL:     6   Next: 78%
Magic:  15/15      EV: 14    Int: 22    God:    Vehumet [......]
Gold:   337        SH:  0    Dex: 15    Spells: 1/15 levels left

rFire    + . .     SeeInvis .   u - +0 dagger
rCold    + . .     Gourm    .   (no shield)
rNeg     . . .     Faith    .   a - +0 robe
rPois    +         Spirit   .   k - +0 helmet
rElec    +         Reflect  .   r - +0 cloak
rCorr    +         Harm     .   (no gloves)
MR       +....                  s - +0 pair of boots
Stlth    ++........             (no amulet)
HPRegen  0.10/turn              l - ring of protection from magic
MPRegen  0.14/turn              (no ring)

@: lethally poisoned (0 -> -26), resistant
A: no striking features
a: Renounce Religion


You were on level 4 of the Dungeon.
You worshipped Vehumet.
Vehumet was noncommittal.
You were not hungry.

You visited 1 branch of the dungeon, and saw 7 of its levels.

You collected 337 gold pieces.

Inventory:

Hand Weapons
 h - a +1 mace of protection
   (You found it on level 1 of the Dungeon)
 u - a +0 dagger (weapon)
   (You took it off a goblin on level 3 of the Dungeon)
Missiles
 d - 127 stones (quivered)
Armour
 a - a +0 robe (worn)
 k - a +0 helmet (worn)
   (You found it on level 2 of the Dungeon)
 r - a +0 cloak (worn)
   (You found it on level 3 of the Dungeon)
 s - a +0 pair of boots (worn)
   (You found it on level 3 of the Dungeon)
Jewellery
 i - an uncursed amulet of regeneration {unknown}
   (You found it on level 1 of the Dungeon)
 l - a ring of protection from magic (left hand)
   (You found it on level 1 of the Dungeon)
 o - a cursed ring of loudness {unknown}
   (You found it on level 3 of the Dungeon)
Scrolls
 b - a scroll of fear
 f - a scroll of remove curse {unknown}
 g - a scroll of amnesia
 j - 2 scrolls of fog {unknown}
 m - a scroll of teleportation {unknown}
 n - 3 scrolls of identify {unknown}
 v - a scroll of enchant armour {unknown}
Books
 e - a book of Conjurations
Comestibles
 c - 5 rations


   Skills:
 + Level 4.5 Dodging
 - Level 2.4 Stealth
 + Level 5.2 Spellcasting
 * Level 6.8 Conjurations
 + Level 3.0 Hexes


You had one spell level left.
You knew the following spells:

 Your Spells              Type           Power        Failure   Level  Hunger
a - Magic Dart            Conj           ####         1%          1    None
b - Searing Ray           Conj           #####.       1%          2    None
c - Dazzling Spray        Conj/Hex       ####..       3%          3    ##.....
d - Iskenderun's Mystic   Conj           #####...     6%          4    ####...
e - Fulminant Prism       Conj/Hex       ####......   13%         4    ####...


Dungeon Overview and Level Annotations

Branches:
Dungeon (7/15)             Temple (0/1) D:5

Altars:
Hepliaklqana
Vehumet
Xom

Annotations:
D:6 dscm's ghost, weakling DsNe


Message History

The magic dart hits the scorpion.
The bat hits you but does no damage. x2
The scorpion stings you. The scorpion misses you.
Aim: a scorpion (lightly wounded)
The magic dart hits the scorpion.
The bat hits you but does no damage. The scorpion stings you.
The scorpion barely misses you.
Aim: a scorpion (moderately wounded)
The magic dart hits the scorpion.
The bat barely misses you. The scorpion misses you.
The scorpion stings you but does no damage.
Aim: a scorpion (moderately wounded)
The magic dart hits the scorpion.
The bat hits you but does no damage. The scorpion stings you!
* * * LOW HITPOINT WARNING * * *
You are poisoned.
The scorpion poisons you! The scorpion barely misses you.
Aim: a scorpion (moderately wounded)
The magic dart hits the scorpion.
You feel sick. The bat hits you but does no damage. The scorpion stings you.
* * * LOW HITPOINT WARNING * * *
You are lethally poisoned!
The scorpion poisons you! The scorpion closely misses you.
Aim: a scorpion (heavily wounded)
The searing ray hits the scorpion. (Press . to maintain the ray.)
* * * LOW HITPOINT WARNING * * *
You feel sick. The bat hits you but does no damage.
The scorpion closely misses you. x2
The searing ray misses the scorpion.
* * * LOW HITPOINT WARNING * * *
You feel sick. The bat hits you but does no damage. The bat barely misses you.
The scorpion stings you but does no damage. x2
The searing ray hits the scorpion.
You kill the scorpion!
Vehumet accepts your kill.
Your Hexes skill increases to level 3!
* * * LOW HITPOINT WARNING * * *
You feel sick. The bat barely misses you. The scorpion closely misses you.
It was a potion of magic.
Magic courses through your body.
* * * LOW HITPOINT WARNING * * *
You feel sick. The bat closely misses you. The bat misses you.
The scorpion barely misses you.
It was a potion of cancellation.
You feel magically purged.
* * * LOW HITPOINT WARNING * * *
You feel sick. The bat closely misses you. The scorpion stings you.
* * * LOW HITPOINT WARNING * * *
You are more poisoned.
The scorpion poisons you!
It was a potion of resistance.
You feel protected.
You die...

.........# #.##
#.......###..# .........#
#..# #.......(...##
.........#
##.#####......#####
.........######............#
..........##.......#####.###
#.#......s...........# #.#
..#......#.####....#.##..#
s##).......####†s.#......#
##..............@b...###..
..##......................
.........#####....#...####
#####.....# #.......###
#.....# #.>...#.#
#.....##.........
###..........#.#. ..
#......<..##.....##..
#.###.#......#


You could see a scorpion and a bat.

Vanquished Creatures
  2 scorpions (D:4)
  A howler monkey (D:4)
  A crimson imp (D:5)
  A hound (D:5)
  An iguana (D:5)
  An orc wizard (D:7)
  A worker ant (D:2)
  4 gnolls (D:3)
  3 adders
  A worm (D:3)
  The ghost of dscm the Grave Robber, a weakling DsNe (D:4)
  5 leopard geckos
  6 orcs
  A ball python (D:2)
  13 bats
  6 giant cockroaches
  11 goblins
  7 hobgoblins
  8 jackals
  7 frilled lizards
  14 kobolds
  A leopard gecko zombie (D:4)
  A quokka skeleton (D:5)
  13 rats
110 creatures vanquished.

Vanquished Creatures (others)
  8 fungi (D:4)
8 creatures vanquished.

Grand Total: 118 creatures vanquished

Notes
Turn   | Place    | Note
-------+----------+-------------------------------------------
     0 | D:1      | Ignatius881 the Deep Elf Conjurer began the quest for the Orb.
     0 | D:1      | Reached XP level 1. HP: 10/10 MP: 6/6
   256 | D:1      | Reached XP level 2. HP: 15/15 MP: 4/8
   293 | D:1      | Learned a level 2 spell: Searing Ray
   938 | D:2      | Reached skill level 5 in Conjurations
   968 | D:2      | Reached XP level 3. HP: 19/19 MP: 8/10
   989 | D:2      | Learned a level 3 spell: Dazzling Spray
  1190 | D:2      | Found a faded altar of an unknown god.
  1414 | D:2      | Reached XP level 4. HP: 24/24 MP: 7/12
  1465 | D:2      | Learned a level 4 spell: Iskenderun's Mystic Blast
  2079 | D:2      | Found a hazy altar of Hepliaklqana.
  2080 | D:2      | Found a shimmering altar of Xom.
  2080 | D:2      | Noticed an insubstantial wisp
  2081 | D:2      | Noticed an insubstantial wisp
  2081 | D:2      | Noticed a spectral ugly thing
  2822 | D:3      | Reached skill level 1 in Hexes
  3052 | D:3      | Found a radiant altar of Vehumet.
  3193 | D:3      | Reached XP level 5. HP: 28/28 MP: 9/13
  3477 | D:3      | Became a worshipper of Vehumet
  3611 | D:4      | You fall through a shaft for 3 floors!
  3611 | D:7      | Noticed a phantom
  3667 | D:7      | Reached skill level 6 in Conjurations
  3678 | D:7      | Noticed an orc warrior
  3726 | D:6      | Noticed dscm's ghost (weakling DsNe)
  3769 | D:6      | Noticed an ogre
  3772 | D:5      | Entered Level 5 of the Dungeon
  3877 | D:5      | Found a staircase to the Ecumenical Temple.
  3986 | D:5      | Reached XP level 6. HP: 32/32 MP: 10/15
  4038 | D:5      | Learned a level 4 spell: Fulminant Prism
  4196 | D:5      | Noticed an orc warrior
  4407 | D:4      | Noticed dscm's ghost (weakling DsNe)
  4415 | D:4      | Killed dscm's ghost
  4421 | D:4      | Reached skill level 5 in Spellcasting
  4908 | D:4      | Succumbed to a scorpion's poison

Skill      XL: |  1  2  3  4  5  6 |
---------------+-------------------+-----
Dodging        | 3 4 |  4.5
Conjurations   | 5 6 |  6.8
Spellcasting   | 4 5 |  5.2
Hexes          | 1 2 3 |  3.0
Stealth        | |  2.4

Action                   |  1- 3 |  4- 6 || total
-------------------------+-------+-------++-------
 Cast: Magic Dart        |    62 |   144 ||   206
       Searing Ray       |     4 |    13 ||    17
       Dazzling Spray    |       |     3 ||     3
  Use: Scroll            |       |     2 ||     2
       Potion            |       |     5 ||     5
  Eat: Chunk             |     1 |     8 ||     9
       Ration            |       |     1 ||     1
Armor: Robe              |     1 |    30 ||    31
Dodge: Dodged            |     9 |    86 ||    95
